 Dungeon Crawl Stone Soup version 0.26.1-2-gb8aa6d0cf2 (webtiles) character file.

Game seed: 8304802361494037977

248 phalm the Twirler (level 6, -17/38 HPs)
             Began as a Gargoyle Gladiator on Mar 4, 2021.
             Killed from afar by Maggie (20 damage)
             ... with a bolt of fire
             ... on level 6 of the Dungeon.
             The game lasted 00:04:50 (2879 turns).

phalm the Twirler (Gargoyle Gladiator)              Turns: 2879, Time: 00:04:50

Health: -17/38     AC: 12    Str: 19    XL:     6   Next: 12%
Magic:  6/6        EV: 11    Int:  9    God:
Gold:   91         SH:  0    Dex: 11    Spells: 5/5 levels left

rFire    . . .     SeeInvis .   a - +0 quarterstaff
rCold    . . .     Faith    .   (shield currently unavailable)
rNeg     + . .     Spirit   .   k - +0 ring mail
rPois    ∞         Reflect  .   c - +0 helmet
rElec    +         Harm     .   (no cloak)
rCorr    .         Rampage  .   r - +0 pair of gloves
Will     .....                  (no boots)
Stlth    +.........             (no amulet)
HPRegen  0.12/turn              (no ring)
MPRegen  0.10/turn              (no ring)

@: no status effects
A: negative energy resistance 1, electricity resistance, unbreathing,
petrification resistance, miasma immunity, AC +4
a: no special abilities


You were on level 6 of the Dungeon.
You visited 1 branch of the dungeon, and saw 5 of its levels.

You collected 91 gold pieces.

Inventory:

Hand Weapons
 a - a +0 quarterstaff (weapon)
Missiles
 d - 3 throwing nets (quivered)
Armour
 c - a +0 helmet (worn)
 k - a +0 ring mail (worn)
 r - a +0 pair of gloves (worn)
Jewellery
 v - the amulet of Eternal Night {Spirit rC+ rN++ Will+ Stlth-, unknown}
   (You found it on level 4 of the Dungeon)

   [amulet of guardian spirit]

   It causes incoming damage to be split between your health and magic.
   It protects you from cold.
   It greatly protects you from negative energy.
   It affects your willpower, your defense against some magical effects.
   It makes you less stealthy.
Scrolls
 b - a scroll of teleportation
 f - a scroll of amnesia {unknown}
 h - a scroll of remove curse
 j - 5 scrolls of identify {unknown}
 l - a scroll of fog {unknown}
 n - a scroll of enchant weapon {unknown}
 q - a scroll of enchant armour {unknown}
Potions
 e - 3 potions of curing {unknown}
 g - 3 potions of heal wounds {unknown}
 i - a potion of attraction {unknown}
 m - 2 potions of flight {unknown}
 o - 3 potions of ambrosia {unknown}
 p - a potion of lignification {unknown}
 s - a potion of haste {unknown}
 t - a potion of degeneration {unknown}
 u - a potion of mutation {unknown}


   Skills:
 + Level 3.9 Fighting
 * Level 5.1 Staves
 - Level 1.7 Throwing
 + Level 2.9 Armour
 - Level 2.4 Dodging


You had 5 spell levels left.
You didn't know any spells.
Your spell library contained the following spells:

 Spells                   Type           Power        Failure   Level
 Corona                   Hex            0%           56%         1
 Ensorcelled Hibernation  Hex/Ice        0%           71%         2
 Confusing Touch          Hex            0%           90%         3
 Dazzling Flash           Conj/Hex       0%           90%         3
 Tukima's Dance           Hex            0%           90%         3


Dungeon Overview and Level Annotations

Branches:
Dungeon (4/15)
 Temple: D:4-7

Altars:

Annotations:
D:6 Maggie


Innate Abilities, Weirdness & Mutations

You are resistant to torment.
Your stone body is resilient. (AC +4)
You are immune to poison.
You resist negative energy. (rN+)
You are resistant to electric shocks. (rElec)
You can survive without breathing.
You are immune to petrification.
You are immune to miasma.


Message History

Maggie hits you but does no damage.
You barely miss Maggie.
Maggie is heavily wounded.
Maggie hits you but does no damage.
You closely miss Maggie.
Maggie is heavily wounded.
You break out of your daze.
You hit Maggie.
Maggie is severely wounded.
Maggie barely misses you.
Your ring mail prevents you from hitting Maggie.
Maggie is severely wounded.
Maggie gestures wildly while chanting.
Maggie attempts to bespell you! You resist with some effort.
You closely miss Maggie.
Maggie is severely wounded.
Maggie casts a spell at you. The bolt of fire hits you!!
Ouch! That really hurt!
You die...

###
#.##########
#........@.#
#.########@#
#.# #.# #.#
#.# # #.#
#.# #. #)#
#.# #.. #.#
... #... #.#
F.. #....
#.# ..#


You could see Maggie.

Vanquished Creatures
  Jessica (D:2)
  Terence (D:2)
  Natasha (twice) (D:2)
  3 gnolls (D:3)
  3 adders
  2 oozes
  2 worms (D:2)
  2 dart slugs (D:2)
  3 leopard geckos
  2 orcs (D:3)
  2 ball pythons
  11 bats
  4 giant cockroaches
  5 goblins
  3 hobgoblins
  4 jackals
  12 kobolds
  A quokka (D:2)
  6 frilled lizards
  6 rats
75 creatures vanquished.

Notes
Turn   | Place    | Note
-------+----------+-------------------------------------------
     0 | D:1      | phalm the Gargoyle Gladiator began the quest for the Orb.
     0 | D:1      | Reached XP level 1. HP: 12/12 MP: 1/1
   299 | D:1      | Reached XP level 2. HP: 18/18 MP: 2/2
   347 | D:1      | Reached skill level 1 in Armour
   665 | D:1      | Reached XP level 3. HP: 22/22 MP: 3/3
   983 | D:2      | Noticed Terence
   986 | D:2      | Killed Terence
  1025 | D:2      | Reached XP level 4. HP: 28/28 MP: 4/4
  1062 | D:2      | Reached skill level 4 in Staves
  1124 | D:2      | Noticed Jessica
  1135 | D:2      | Killed Jessica
  1232 | D:2      | Noticed Natasha
  1237 | D:2      | Killed Natasha
  1238 | D:2      | Reached XP level 5. HP: 30/32 MP: 5/5
  1657 | D:2      | Noticed Natasha
  1663 | D:2      | Killed Natasha
  2373 | D:3      | Reached XP level 6. HP: 25/38 MP: 6/6
  2376 | D:3      | Reached skill level 5 in Staves
  2759 | D:4      | Got a crude diamond amulet
  2770 | D:4      | You fall into a shaft and drop 2 floors!
  2770 | D:6      | Noticed Maggie
  2879 | D:6      | Killed from afar by Maggie

Illustrated notes

Levels and vault maps discovered:
D:1:      kilobyte_arrival_exit_the_forest, layout_loops_cross,
          chequers_decorated_corner, minmay_stone_trees_medium
D:2:      layout_rooms, kennysheep_generic_room_5, uniq_terence, uniq_jessica,
          uniq_natasha
D:3:      minmay_inner_zag, layout_basic
D:4:      layout_cave_pods, kennysheep_mini_moat, general_overflow_altar,
          minmay_goblin_kobold_house, uniq_edmund
D:6:      layout_basic, grunt_temple_overflow_gold_and_silver, elyvilon_altar_3,
          temple_statues, uniq_maggie

Skill      XL: |  1  2  3  4  5  6 |
---------------+-------------------+-----
Armour         | 1 2 |  2.9
Fighting       | 3 |  3.9
Staves         | 4 5 |  5.1
Throwing       | |  1.7
Dodging        | |  2.4

Action                   |  1- 3 |  4- 6 || total
-------------------------+-------+-------++-------
Melee: Quarterstaff      |    67 |   172 ||   239
  Use: Scroll            |       |     3 ||     3
Armor: Leather armour    |    27 |       ||    27
       Ring mail         |    19 |   117 ||   136
Dodge: Dodged            |    37 |   113 ||   150
